 Dungeon Crawl Stone Soup version 0.28.0-53-g5a82cb258f (webtiles) character file.

Game seed: 4019767826811460364

365 Zeld the Chopper (level 6, -2/57 HPs)
             Began as a Minotaur Berserker on June 16, 2022.
             Was a Believer of Trog.
             Slain by an orc wizard
             ... wielding a +0 dagger
              (3 damage)
             ... on level 3 of the Dungeon.
             The game lasted 00:01:40 (2480 turns).

Zeld the Chopper (Minotaur Berserker)               Turns: 2480, Time: 00:01:40

Health: -2/57      AC:  3    Str: 24    XL:     6   Next: 40%
Magic:  5/5        EV: 12    Int:  4    God:    Trog [**....]
Gold:   61         SH:  0    Dex:  9    Spells: 5/5 levels left

rFire   . . .      SeeInvis .   a - +0 hand axe
rCold   . . .      Faith    .   (no shield)
rNeg    . . .      Spirit   .   b - +0 animal skin
rPois   .          Reflect  .   g - +1 hat
rElec   .          Harm     .   (no cloak)
rCorr   .          Rampage  .   (no gloves)
Will    .....                   (no boots)
Stlth   +.........              (no amulet)
HPRegen 0.19/turn               (no ring)
MPRegen 0.09/turn               (no ring)

@: on berserk cooldown, slowed, very slow
A: horns 2, retaliatory headbutt
a: Renounce Religion, Berserk, Trog's Hand


You were on level 3 of the Dungeon.
You worshipped Trog.
Trog was pleased with you.
You visited 1 branch of the dungeon, and saw 3 of its levels.

You collected 118 gold pieces.
You spent 57 gold pieces at shops.

Inventory:

Hand Weapons
 a - a +0 hand axe (weapon)
Armour
 b - a +0 animal skin (worn)
 g - a +1 hat (worn)
Scrolls
 c - a scroll of amnesia {unknown}
 d - a scroll of enchant weapon {unknown}
 h - a scroll of torment {unknown}
Potions
 e - a potion of might {unknown}
 f - 2 potions of attraction {unknown}


   Skills:
 * Level 5.8 Fighting
 * Level 5.9 Axes
 + Level 4.0 Armour
 + Level 3.5 Dodging


You had 5 spell levels left.
You didn't know any spells.
Your spell library was empty.

Dungeon Overview and Level Annotations

Branches:
Dungeon (3/15)

Altars:

Shops:
D:1 *


Innate Abilities, Weirdness & Mutations

You have a pair of horns on your head.
You reflexively headbutt those who attack you in melee.


Message History

Beogh smites you!
Unknown command.
You slash the orc priest!
You kill the orc priest!
Trog accepts your kill.
You hit the orc priest. You miss something. You slash the orc wizard!
Something hits you but does no damage.
The orc wizard hits you with a +0 dagger.
Your Armour skill increases to level 4!
The orc priest hits you with a +0 short sword.
Something hits you.
The orc wizard hits you with a +0 dagger.
You see here a +0 mace.
You feel a strong urge to attack something.
Unknown command.
The orc priest mumbles some strange prayers to Beogh against you.
Pain shoots through your body! Something hits you.
The orc wizard hits you with a +0 dagger.
You see here a +0 mace.
You slash the orc priest!
You kill the orc priest!
Trog accepts your kill.
You miss the orc wizard. You miss something. Something hits you.
Things that are here:
a +0 short sword; an orc corpse You feel a strong urge to attack something.
You are no longer berserk.
You are exhausted.
You feel yourself slow down.
You hear some strange, mumbled words.
A puff of flame appears from out of thin air!
The puff of flame hits you!
* * * LOW HITPOINT WARNING * * *
The orc wizard points at you and mumbles some strange words.
The puff of flame hits you.
* * * LOW HITPOINT WARNING * * *
Something hits you.
* * * LOW HITPOINT WARNING * * *
The orc wizard hits you with a +0 dagger.
You die...

#.###.#######.### #.....#
##.#..# #. #....## ###.#.# #.
####.# ......# ##+# #.#
###.### ##...## ##.## #.#
##.....## ####...# ##.##
##.......## ##.##.#.#
##...####.........####...#...#
........+.......@{'........###
##...####.....[.o.####)).#.#
#..## ##......)## ##.##.# #.##
##.....## ####.# #.# ##...##
#.# #.# ##+# #.# #.# #.# #.#
#.#


You could see an orc wizard.

Vanquished Creatures
  Sigmund (D:2)
  2 orc priests (D:3)
  Jessica (D:2)
  An orc wizard (D:3)
  2 adders
  3 gnolls (D:3)
  2 worms (D:2)
  2 dart slugs (D:2)
  3 endoplasms
  2 giant cockroaches
  4 goblins
  2 hobgoblins
  2 quokkas
  6 ball pythons
  3 bats
  3 frilled lizards (D:1)
  5 kobolds
  3 rats
47 creatures vanquished.

Notes
Turn   | Place    | Note
-------+----------+-------------------------------------------
     0 | D:1      | Zeld the Minotaur Berserker began the quest for the Orb.
     0 | D:1      | Reached XP level 1. HP: 19/19 MP: 0/0
   230 | D:1      | Found Siel Ser's Assorted Antiques.
   255 | D:1      | Reached XP level 2. HP: 19/27 MP: 1/1
   749 | D:1      | Bought 2 fizzy pink potions for 57 gold pieces
   781 | D:2      | Reached ** piety under Trog
   927 | D:2      | Noticed Jessica
   932 | D:2      | Killed Jessica
   933 | D:2      | Reached XP level 3. HP: 29/34 MP: 2/2
   987 | D:2      | Noticed Sigmund
   996 | D:2      | Killed Sigmund
   997 | D:2      | Reached skill level 5 in Fighting
   997 | D:2      | Reached skill level 5 in Axes
   997 | D:2      | Reached XP level 4. HP: 34/42 MP: 3/3
   997 | D:2      | Reached XP level 5. HP: 39/48 MP: 4/4
  1779 | D:2      | Found a faded altar of an unknown god.
  2277 | D:3      | Reached XP level 6. HP: 51/56 MP: 5/5
  2479 | D:3      | HP: 2/57 [orc wizard/puff of flame (5)]
  2480 | D:3      | Slain by an orc wizard

Illustrated notes

Levels and vault maps discovered:
D:1:      elethiomel_arrival_shortcut, layout_loops_ring, serial_shops, shop
D:2:      layout_basic, hellmonk_ecumenical_altar_leap_of_faith,
          minmay_misc_feat_tiny, chequers_serial_rivers_small_b, uniq_jessica,
          uniq_sigmund
D:3:      layout_loops_corners

Skill      XL: |  1  2  3  4  5  6 |
---------------+-------------------+-----
Axes           | 4 5 |  5.9
Fighting       | 4 5 |  5.8
Armour         | 3 4 |  4.0
Dodging        | 3 |  3.5

Action                   |  1- 3 |  4- 6 || total
-------------------------+-------+-------++-------
Melee: Hand axe          |    39 |    55 ||    94
       Headbutt          |     4 |     9 ||    13
       Punch             |     1 |     2 ||     3
Invok: Berserk           |       |     1 ||     1
 Stab: Sleeping          |       |     2 ||     2
Armor: Animal skin       |     3 |    10 ||    13
Dodge: Dodged            |    19 |    36 ||    55
